General information
- name: BNet
- type: Ladder team game (AT/RT)
- host: Battle.net
- saver: THEITHEITHEITHE
map: MarketSquare
- players: 8
- length: 52:27
- speed: Fast
- version: 1.26 W3XP
- replay type: Public
» download(314 KB)
Players
team 1 (loser)
Perfection (
orange | 47 APM | 2457 actions | 52:27)
6 Death Knight
3 Death Coil
2 Unholy Aura
1 Animate Dead
5 Lich
3 Frost Nova
2 Frost Armor
» actions
| Assign group hotkey | 397 | |
| Basic commands | 31 | |
| Build / train | 81 | |
| Enter build submenu | 19 | |
| Enter hero's abilities submenu | 12 | |
| Give item / drop item | 5 | |
| Right click | 830 | |
| Select / deselect | 287 | |
| Select group hotkey | 684 | |
| Use ability | 111 | |
2457 total
» units
| Acolyte | 4 | |
| Ghoul | 2 | |
| Crypt Fiend | 13 | |
| Obsidian Statue | 7 | |
| Frost Wyrm | 4 | |
| Mortar Team | 6 | |
| Gargoyle | 8 | |
44 total
» upgrades
| Creature Attack | 3 | |
| Destroyer Form | 1 | |
| Creature Carapace | 1 | |
5 total
» buildings
| Graveyard | 1 | |
| Crypt | 2 | |
| Altar of Darkness | 1 | |
| Ziggurat | 8 | |
| Tomb of Relics | 1 | |
| Halls of the Dead | 1 | |
| Black Citadel | 1 | |
| Slaughterhouse | 1 | |
| Sacrificial Pit | 1 | |
| Boneyard | 1 | |
| Town Hall | 1 | |
| Necropolis | 1 | |
20 total
» build order
00:05 Graveyard
00:09 Crypt
00:36 Altar of Darkness
00:51 Ziggurat
01:32 Tomb of Relics
02:09 Ziggurat
03:52 Ziggurat
04:26 Halls of the Dead
05:11 Ziggurat
05:16 Ziggurat
07:57 Black Citadel
08:20 Slaughterhouse
08:36 Ziggurat
09:45 Sacrificial Pit
11:10 Boneyard
12:57 Ziggurat
14:36 Town Hall
17:26 Crypt
17:36 Ziggurat
24:47 Necropolis
» items
| Rod of Necromancy | 5 | |
| Potion of Mana | 1 | |
| Potion of Healing | 1 | |
| Scroll of Town Portal | 3 | |
| Scroll of Healing | 2 | |
| Orb of Corruption | 1 | |
| Scroll of Regeneration | 1 | |
| Potion of Lesser Invulnerability | 1 | |
15 total
NewBss (
pink | 35 APM | 435 actions | 12:32)
4 Archmage
2 Blizzard
2 Brilliance Aura
» actions
| Basic commands | 10 | |
| Build / train | 42 | |
| Enter build submenu | 17 | |
| Enter hero's abilities submenu | 4 | |
| Remove unit from queue | 2 | |
| Right click | 140 | |
| Select / deselect | 164 | |
| Use ability | 56 | |
435 total
» units
» upgrades
| Gunpowder | 3 | |
| Armor | 1 | |
| Flare | 1 | |
| Fragmentation Shards | 1 | |
6 total
» buildings
| Altar of Kings | 1 | |
| Farm | 8 | |
| Lumber Mill | 1 | |
| Scout Tower | 1 | |
| Arcane Tower | 1 | |
| Keep | 1 | |
| Blacksmith | 1 | |
| Castle | 1 | |
| Workshop | 3 | |
18 total
» build order
00:22 Altar of Kings
00:44 Farm
00:54 Lumber Mill
01:20 Farm
01:29 Scout Tower
02:06 Arcane Tower
03:11 Keep
03:27 Blacksmith
03:42 Farm
04:45 Farm
04:50 Farm
05:26 Farm
05:42 Castle
05:51 Workshop
05:53 Workshop
05:58 Workshop
06:10 Farm
06:58 Farm
» items
| Periapt of Vitality | 1 | |
| Circlet of Nobility | 1 | |
2 total
BOOBGUZZLER (
red | 49 APM | 2567 actions | 52:26)
8 Blademaster
3 Wind Walk
3 Critical Strike
1 Bladestorm
1 Mirror Image
» actions
| Assign group hotkey | 37 | |
| Basic commands | 91 | |
| Build / train | 59 | |
| Enter build submenu | 27 | |
| Enter hero's abilities submenu | 8 | |
| Give item / drop item | 5 | |
| Right click | 1120 | |
| Select / deselect | 245 | |
| Select group hotkey | 843 | |
| Use ability | 132 | |
2567 total
» units
» upgrades
| Reinforced Defenses | 1 | |
| Envenomed Spears | 1 | |
| Ranged Weapons | 2 | |
| Armor | 2 | |
6 total
» buildings
| Altar of Storms | 1 | |
| Orc Burrow | 7 | |
| War Mill | 1 | |
| Watch Tower | 24 | |
| Voodoo Lounge | 2 | |
| Stronghold | 1 | |
| Fortress | 2 | |
| Beastiary | 3 | |
| Great Hall | 1 | |
42 total
» build order
00:06 Altar of Storms
00:19 Orc Burrow
00:40 War Mill
01:55 Watch Tower
01:58 Watch Tower
02:21 Voodoo Lounge
02:33 Watch Tower
03:15 Stronghold
03:37 Watch Tower
03:53 Watch Tower
04:09 Watch Tower
04:16 Orc Burrow
04:30 Orc Burrow
05:36 Fortress
05:37 Fortress
05:46 Beastiary
06:13 Beastiary
06:43 Orc Burrow
09:15 Watch Tower
09:15 Watch Tower
09:16 Watch Tower
09:16 Watch Tower
11:26 Watch Tower
11:26 Watch Tower
11:27 Watch Tower
13:45 Great Hall
13:56 Watch Tower
13:56 Watch Tower
13:57 Watch Tower
14:04 Watch Tower
14:11 Watch Tower
16:03 Watch Tower
16:03 Watch Tower
16:04 Watch Tower
16:55 Orc Burrow
16:56 Orc Burrow
16:57 Orc Burrow
17:10 Voodoo Lounge
19:40 Beastiary
25:59 Watch Tower
25:59 Watch Tower
» items
| Lesser Clarity Potion | 2 | |
| Healing Salve | 4 | |
| Staff of Teleportation | 1 | |
| Boots of Speed | 1 | |
| Scroll of Town Portal | 3 | |
| Scroll of Healing | 4 | |
| Potion of Lesser Invulnerability | 1 | |
| Potion of Healing | 1 | |
| Orb of Lightning | 1 | |
18 total
THEITHEITHEITHE (
teal | 84 APM | 4423 actions | 52:27)
6 Blood Mage
3 Flame Strike
2 Banish
1 Summon Phoenix
» actions
| Assign group hotkey | 82 | |
| Basic commands | 159 | |
| Build / train | 187 | |
| ESC pressed | 12 | |
| Enter build submenu | 64 | |
| Enter hero's abilities submenu | 6 | |
| Give item / drop item | 8 | |
| Remove unit from queue | 9 | |
| Right click | 2088 | |
| Select / deselect | 509 | |
| Select group hotkey | 1023 | |
| Use ability | 276 | |
4423 total
» units
| Peasant | 17 | |
| Footman | 10 | |
| Dragonhawk Rider | 3 | |
| Gryphon Rider | 7 | |
37 total
» upgrades
| Masonry | 3 | |
| Swords | 3 | |
| Armor | 3 | |
| Lumber Harvesting | 1 | |
| Defend | 1 | |
| Cloud | 1 | |
| Animal War Training | 1 | |
| Storm Hammers | 1 | |
14 total
» buildings
| Altar of Kings | 1 | |
| Barracks | 1 | |
| Farm | 15 | |
| Lumber Mill | 1 | |
| Arcane Vault | 1 | |
| Scout Tower | 37 | |
| Arcane Tower | 4 | |
| Guard Tower | 58 | |
| Keep | 6 | |
| Blacksmith | 1 | |
| Town Hall | 3 | |
| Gryphon Aviary | 4 | |
| Castle | 3 | |
135 total
» build order
00:55 Altar of Kings
00:58 Barracks
01:02 Farm
01:08 Farm
01:23 Farm
01:45 Farm
02:12 Lumber Mill
02:18 Arcane Vault
02:42 Scout Tower
03:00 Scout Tower
03:14 Arcane Tower
03:15 Arcane Tower
03:15 Arcane Tower
03:26 Guard Tower
03:26 Guard Tower
03:26 Guard Tower
04:39 Scout Tower
04:39 Scout Tower
04:40 Scout Tower
04:42 Scout Tower
05:05 Guard Tower
05:06 Guard Tower
05:06 Guard Tower
05:06 Guard Tower
05:07 Guard Tower
05:08 Guard Tower
05:08 Guard Tower
05:19 Scout Tower
05:23 Scout Tower
05:48 Guard Tower
05:48 Guard Tower
05:49 Guard Tower
05:49 Guard Tower
06:22 Keep
06:22 Keep
06:32 Guard Tower
06:33 Guard Tower
06:33 Guard Tower
06:33 Guard Tower
06:47 Blacksmith
08:16 Town Hall
08:17 Scout Tower
08:18 Scout Tower
08:19 Scout Tower
08:21 Scout Tower
08:25 Scout Tower
08:47 Gryphon Aviary
08:48 Gryphon Aviary
08:55 Guard Tower
08:55 Guard Tower
09:03 Guard Tower
10:08 Castle
13:04 Town Hall
13:13 Scout Tower
13:14 Scout Tower
13:15 Scout Tower
13:18 Keep
13:18 Keep
13:19 Guard Tower
13:20 Guard Tower
13:20 Guard Tower
16:22 Guard Tower
16:23 Guard Tower
16:35 Guard Tower
16:35 Guard Tower
16:36 Guard Tower
16:39 Keep
16:41 Gryphon Aviary
16:42 Gryphon Aviary
17:36 Scout Tower
17:36 Scout Tower
17:38 Scout Tower
17:40 Scout Tower
18:02 Castle
18:54 Guard Tower
19:23 Castle
19:48 Farm
19:50 Farm
21:57 Scout Tower
21:58 Scout Tower
25:11 Farm
25:11 Farm
25:13 Farm
25:14 Farm
26:39 Scout Tower
26:40 Scout Tower
26:41 Scout Tower
26:47 Scout Tower
26:47 Scout Tower
26:48 Scout Tower
26:50 Scout Tower
26:50 Scout Tower
27:25 Guard Tower
27:26 Guard Tower
27:26 Guard Tower
27:26 Guard Tower
27:29 Guard Tower
27:29 Guard Tower
27:29 Guard Tower
27:29 Guard Tower
28:17 Guard Tower
30:26 Scout Tower
30:28 Scout Tower
30:29 Scout Tower
30:30 Scout Tower
30:33 Scout Tower
30:33 Scout Tower
30:35 Scout Tower
30:37 Town Hall
30:40 Farm
30:41 Farm
30:42 Farm
30:43 Farm
32:31 Guard Tower
32:31 Guard Tower
32:34 Guard Tower
32:34 Guard Tower
32:35 Guard Tower
33:22 Farm
» items
| Scroll of Regeneration | 6 | |
| Lesser Clarity Potion | 6 | |
| Orb of Corruption | 1 | |
| Rod of Necromancy | 1 | |
| Potion of Invisibility | 2 | |
| Staff of Teleportation | 1 | |
| Boots of Speed | 1 | |
| Scroll of Town Portal | 5 | |
| Scroll of Protection | 1 | |
| Potion of Lesser Invulnerability | 2 | |
| Dust of Appearance | 1 | |
| Potion of Mana | 1 | |
28 total
team 2 (winner)
AnsO (
green | 52 APM | 2754 actions | 52:27)
6 Blademaster
2 Wind Walk
3 Critical Strike
1 Bladestorm
4 Shadow Hunter
2 Healing Wave
2 Hex
2 Tauren Chieftain
1 War Stomp
1 Endurance Aura
» actions
| Build / train | 76 | |
| Enter build submenu | 41 | |
| Enter hero's abilities submenu | 12 | |
| Give item / drop item | 6 | |
| Remove unit from queue | 4 | |
| Right click | 1838 | |
| Select / deselect | 615 | |
| Use ability | 155 | |
2754 total
» units
| Peon | 17 | |
| Shaman | 7 | |
| Troll Witch Doctor | 7 | |
| Tauren | 6 | |
| Wind Rider | 1 | |
38 total
» upgrades
| Melee Weapons | 3 | |
| Shaman Training | 2 | |
| Witch Doctor Training | 2 | |
| Armor | 1 | |
| Pulverize | 1 | |
| Reinforced Defenses | 1 | |
10 total
» buildings
| Altar of Storms | 2 | |
| Orc Burrow | 6 | |
| Voodoo Lounge | 1 | |
| Stronghold | 1 | |
| War Mill | 1 | |
| Fortress | 1 | |
| Spirit Lodge | 2 | |
| Tauren Totem | 2 | |
| Watch Tower | 17 | |
| Great Hall | 3 | |
| Beastiary | 1 | |
37 total
» build order
00:15 Altar of Storms
00:28 Orc Burrow
01:07 Voodoo Lounge
02:33 Stronghold
03:03 War Mill
03:06 Orc Burrow
04:35 Orc Burrow
05:07 Fortress
05:11 Spirit Lodge
06:11 Spirit Lodge
07:35 Tauren Totem
07:41 Orc Burrow
08:20 Tauren Totem
08:45 Orc Burrow
09:13 Watch Tower
09:16 Watch Tower
15:53 Orc Burrow
16:26 Watch Tower
16:29 Watch Tower
16:53 Watch Tower
17:42 Watch Tower
17:47 Watch Tower
17:52 Watch Tower
18:31 Watch Tower
19:08 Watch Tower
19:12 Watch Tower
20:34 Great Hall
20:39 Watch Tower
21:55 Great Hall
23:13 Watch Tower
25:05 Beastiary
25:34 Watch Tower
25:37 Watch Tower
26:51 Watch Tower
27:15 Watch Tower
32:54 Altar of Storms
44:42 Great Hall
» items
| Healing Salve | 1 | |
| Lesser Clarity Potion | 2 | |
| Boots of Speed | 1 | |
| Orb of Lightning | 2 | |
| Scroll of Town Portal | 2 | |
| Potion of Healing | 2 | |
| Potion of Mana | 1 | |
11 total
1349 (
purple | 53 APM | 1147 actions | 21:43)
4 Blood Mage
1 Banish
1 Siphon Mana
2 Flame Strike
2 Mountain King
1 Storm Bolt
1 Bash
» actions
| Assign group hotkey | 20 | |
| Build / train | 73 | |
| Enter build submenu | 26 | |
| Enter hero's abilities submenu | 6 | |
| Remove unit from queue | 1 | |
| Right click | 495 | |
| Select / deselect | 315 | |
| Select group hotkey | 120 | |
| Use ability | 91 | |
1147 total
» units
| Peasant | 28 | |
| Footman | 7 | |
| Rifleman | 9 | |
| Gryphon Rider | 4 | |
| Priest | 2 | |
| Sorceress | 1 | |
51 total
» upgrades
| Lumber Harvesting | 1 | |
| Magic Sentry | 1 | |
| Priest Training | 1 | |
3 total
» buildings
| Barracks | 1 | |
| Farm | 8 | |
| Altar of Kings | 1 | |
| Arcane Vault | 1 | |
| Blacksmith | 1 | |
| Lumber Mill | 1 | |
| Keep | 1 | |
| Town Hall | 2 | |
| Scout Tower | 13 | |
| Gryphon Aviary | 1 | |
| Arcane Sanctum | 2 | |
| Castle | 2 | |
34 total
» build order
00:55 Barracks
01:06 Farm
01:22 Altar of Kings
01:40 Farm
01:48 Farm
01:55 Farm
02:14 Farm
02:25 Arcane Vault
02:54 Farm
02:57 Farm
03:18 Blacksmith
04:30 Farm
04:50 Lumber Mill
05:26 Keep
06:25 Town Hall
07:57 Scout Tower
07:58 Scout Tower
08:00 Scout Tower
08:01 Scout Tower
08:47 Gryphon Aviary
09:04 Arcane Sanctum
09:32 Castle
09:32 Castle
10:10 Scout Tower
10:10 Scout Tower
10:11 Scout Tower
12:32 Arcane Sanctum
13:40 Scout Tower
13:41 Scout Tower
13:43 Scout Tower
13:46 Scout Tower
13:47 Scout Tower
13:48 Scout Tower
14:52 Town Hall
» items
| Orb of Fire | 1 | |
| Scroll of Regeneration | 1 | |
2 total
NoiseHawker (
yellow | 63 APM | 3284 actions | 52:22)
7 Archmage
3 Summon Water Elemental
3 Brilliance Aura
1 Mass Teleport
» actions
| Assign group hotkey | 70 | |
| Basic commands | 189 | |
| Build / train | 114 | |
| Enter build submenu | 85 | |
| Enter hero's abilities submenu | 7 | |
| Give item / drop item | 10 | |
| Remove unit from queue | 9 | |
| Right click | 1044 | |
| Select / deselect | 492 | |
| Select group hotkey | 1065 | |
| Use ability | 196 | |
3284 total
» units
| Peasant | 22 | |
| Footman | 4 | |
| Dragonhawk Rider | 5 | |
| Gryphon Rider | 1 | |
32 total
» upgrades
| Masonry | 3 | |
| Lumber Harvesting | 2 | |
| Swords | 3 | |
| Armor | 4 | |
| Animal War Training | 1 | |
| Cloud | 1 | |
| Storm Hammers | 1 | |
15 total
» buildings
| Altar of Kings | 1 | |
| Barracks | 2 | |
| Farm | 11 | |
| Arcane Vault | 3 | |
| Town Hall | 6 | |
| Lumber Mill | 2 | |
| Keep | 1 | |
| Scout Tower | 53 | |
| Guard Tower | 28 | |
| Castle | 1 | |
| Gryphon Aviary | 4 | |
| Blacksmith | 2 | |
114 total
» build order
00:24 Altar of Kings
00:25 Barracks
00:29 Barracks
00:36 Farm
01:05 Farm
01:21 Farm
03:10 Arcane Vault
03:26 Farm
04:36 Town Hall
05:00 Lumber Mill
05:04 Keep
08:31 Scout Tower
08:31 Scout Tower
08:32 Scout Tower
08:33 Scout Tower
08:33 Scout Tower
08:51 Scout Tower
08:55 Scout Tower
08:56 Scout Tower
08:57 Scout Tower
09:01 Guard Tower
09:02 Guard Tower
09:03 Guard Tower
09:11 Guard Tower
09:19 Scout Tower
09:20 Scout Tower
09:21 Scout Tower
09:24 Guard Tower
09:34 Scout Tower
09:35 Scout Tower
09:36 Scout Tower
09:37 Scout Tower
09:52 Guard Tower
09:58 Scout Tower
09:58 Scout Tower
10:00 Scout Tower
10:05 Lumber Mill
10:13 Guard Tower
10:16 Guard Tower
10:18 Guard Tower
10:27 Guard Tower
10:37 Guard Tower
10:42 Guard Tower
11:10 Castle
13:16 Scout Tower
13:16 Scout Tower
13:16 Scout Tower
13:17 Scout Tower
13:18 Scout Tower
13:46 Guard Tower
13:48 Guard Tower
13:49 Guard Tower
13:54 Scout Tower
13:55 Scout Tower
13:58 Scout Tower
13:58 Scout Tower
14:29 Guard Tower
14:31 Scout Tower
14:32 Scout Tower
14:33 Scout Tower
14:44 Scout Tower
14:49 Scout Tower
14:55 Scout Tower
15:04 Guard Tower
15:10 Scout Tower
15:11 Scout Tower
15:12 Scout Tower
15:14 Guard Tower
15:19 Scout Tower
15:26 Guard Tower
15:27 Scout Tower
15:41 Town Hall
15:52 Town Hall
15:55 Scout Tower
15:58 Arcane Vault
15:59 Guard Tower
16:12 Gryphon Aviary
16:12 Gryphon Aviary
16:13 Gryphon Aviary
16:13 Gryphon Aviary
16:17 Blacksmith
16:41 Guard Tower
16:46 Blacksmith
18:14 Farm
23:56 Town Hall
24:00 Scout Tower
24:01 Scout Tower
24:01 Scout Tower
24:01 Scout Tower
24:05 Scout Tower
27:30 Farm
27:30 Farm
27:35 Farm
27:37 Farm
27:40 Farm
27:41 Farm
33:49 Town Hall
34:21 Scout Tower
34:21 Scout Tower
34:21 Scout Tower
34:21 Scout Tower
34:27 Scout Tower
34:27 Scout Tower
34:27 Scout Tower
34:28 Scout Tower
34:53 Guard Tower
35:02 Arcane Vault
35:16 Guard Tower
35:18 Guard Tower
35:18 Guard Tower
35:19 Guard Tower
35:19 Guard Tower
35:22 Guard Tower
37:09 Town Hall
» items
| Scroll of Regeneration | 6 | |
| Mechanical Critter | 5 | |
| Scroll of Town Portal | 6 | |
| Staff of Sanctuary | 1 | |
| Potion of Healing | 1 | |
| Staff of Teleportation | 1 | |
20 total

»
0-5000 (
blue | 27 APM | 1422 actions | 52:27)
5 Death Knight
2 Death Coil
3 Unholy Aura
» actions
| Assign group hotkey | 1 | |
| Basic commands | 18 | |
| Build / train | 52 | |
| Enter build submenu | 14 | |
| Enter hero's abilities submenu | 6 | |
| Right click | 814 | |
| Select / deselect | 464 | |
| Use ability | 43 | |
1422 total
» units
| Acolyte | 3 | |
| Ghoul | 8 | |
| Crypt Fiend | 14 | |
| Forest Troll High Priest | 1 | |
| Obsidian Statue | 2 | |
28 total
» upgrades
| Creature Attack | 3 | |
| Creature Carapace | 2 | |
| Cannibalize | 1 | |
| Web | 1 | |
7 total
» buildings
| Crypt | 2 | |
| Ziggurat | 7 | |
| Altar of Darkness | 1 | |
| Graveyard | 1 | |
| Spirit Tower | 2 | |
| Halls of the Dead | 1 | |
| Sacrificial Pit | 1 | |
| Tomb of Relics | 1 | |
| Slaughterhouse | 1 | |
| Black Citadel | 1 | |
18 total
» build order
00:08 Crypt
00:12 Ziggurat
00:49 Altar of Darkness
01:12 Ziggurat
01:46 Graveyard
02:28 Crypt
03:12 Ziggurat
05:13 Spirit Tower
07:35 Ziggurat
08:16 Ziggurat
08:23 Halls of the Dead
09:03 Ziggurat
09:08 Ziggurat
10:04 Spirit Tower
11:05 Sacrificial Pit
11:23 Tomb of Relics
14:14 Slaughterhouse
15:05 Black Citadel
» items
| Scroll of Town Portal | 4 | |
| Potion of Lesser Invulnerability | 1 | |
| Orb of Lightning | 1 | |
| Scroll of Healing | 1 | |
7 total
Chat log
(00:11 / All) NoiseHawker: No DVD or bluray of the Aladdin tv show
(00:12 / Allies) Perfection: 100 pls
(00:14 / All) NoiseHawker: That's just absurd
(00:25 / All) 0-5000: you poor thing.
(00:29 / All) 0-5000: get over it.
(00:36 / All) NewBss: because it is for muslims
(00:39 / All) NewBss: illegal
(00:41 / Allies) Perfection: anyone 100
(01:06 / All) 0-5000: sadly.. I thik you are right.. it must be politics.
(01:38 / All) BOOBGUZZLER: i heard a rumor that hilary clinton will be our next president
(01:58 / All) 0-5000: no.. it's whoever is funding her campaig.
(02:06 / All) 1349: i hear it will be Ross Perot
(02:44 / All) 1349: what... nothing?
(03:18 / Allies) Perfection: 2 techers
(03:26 / Allies) Perfection: hehe we fucled if they hit
(03:40 / Allies) Perfection: plus green is a hacker
(03:48 / All) THEITHEITHEITHE: mh
(03:54 / All) AnsO: nah
(03:59 / All) BOOBGUZZLER: anso
(04:03 / All) BOOBGUZZLER: i know this name
(04:25 / Allies) BOOBGUZZLER: help teal
(04:26 / Allies) BOOBGUZZLER: someone
(04:38 / Allies) Perfection: maybe u since u got a hero
(06:23 / All) NoiseHawker: lawl
(06:44 / All) NoiseHawker: orange totally hacks
(06:48 / All) NoiseHawker: he just got my critter too
(06:58 / All) NoiseHawker: look at him move back from purple
(07:02 / All) NoiseHawker: before he even got in vision
(07:21 / All) AnsO: uh?
(07:45 / All) 0-5000: it's ashame that kids need hacks to win.
(07:54 / Allies) THEITHEITHEITHE: thanks for leechigm my xp you fucking faggot pink
(08:01 / All) 0-5000: but only shows that they are loser in life..
(08:02 / Allies) THEITHEITHEITHE: I didn't need your help there
(08:10 / Allies) THEITHEITHEITHE: thanks for denying me fucking level 3
(08:11 / Allies) THEITHEITHEITHE: you shit
(08:18 / All) NoiseHawker: Orange is such a tryhard hacker lol
(08:30 / All) Perfection: how?
(08:39 / All) NoiseHawker: You hack 100% definitely
(08:43 / All) NoiseHawker: 2: look at you
(09:41 / Allies) BOOBGUZZLER: hit oj expo nigger
(10:01 / Allies) THEITHEITHEITHE: thanks for creeping for me faggot
(10:06 / Allies) THEITHEITHEITHE: that's what you get for leeching from me
(10:23 / Allies) THEITHEITHEITHE: pink tk
(10:24 / Allies) THEITHEITHEITHE: help
(10:36 / Allies) Perfection: why u guys fighting..
(10:40 / Allies) THEITHEITHEITHE: he stole my xp
(10:41 / Allies) BOOBGUZZLER: gold
(10:42 / Allies) THEITHEITHEITHE: so I took some of his
(10:43 / Allies) THEITHEITHEITHE: and th etked
(10:58 / Allies) NewBss: no this kid has a pretty mouth
(11:02 / Allies) Perfection: u both actubg like pussys
(11:03 / Allies) NewBss: dont care if he take tk
(11:07 / Allies) THEITHEITHEITHE: eat my shit
(11:08 / Allies) THEITHEITHEITHE: faggot
(11:09 / Allies) NewBss: talks too much garbage
(11:10 / Allies) THEITHEITHEITHE: lick my ass
(11:36 / Allies) NewBss: pink is one of those wimpy kids in real life
(11:43 / Allies) NewBss: he just feeling brave on the net
(11:45 / Allies) THEITHEITHEITHE: eat my shit
(11:50 / Allies) NewBss: anyways
(11:54 / Allies) THEITHEITHEITHE: yes you are pink
(11:56 / Allies) THEITHEITHEITHE: insulting yourself
(11:58 / Allies) THEITHEITHEITHE: dumb fucking bitch
(12:04 / Allies) THEITHEITHEITHE: dude you steal my xp and deny me level
(12:07 / Allies) THEITHEITHEITHE: then tk
(12:07 / All) Perfection: gg they tk each other
(12:08 / Allies) NewBss: in person you would be so polite and obedient
(12:10 / Allies) THEITHEITHEITHE: when I take yours?
(12:14 / Allies) THEITHEITHEITHE: hahaha sure I would sport
(12:15 / Allies) NewBss: you feeling hard behind your pc
(12:21 / Allies) THEITHEITHEITHE: wood me
(12:25 / Allies) NewBss: Cry more kid
(12:28 / Allies) THEITHEITHEITHE: stfu
(12:30 / Allies) THEITHEITHEITHE: you're dead
(12:34 / Allies) Perfection: can u both stop?
(12:38 / All) 0-5000: they are sick of the hackers ruining the game.
(12:46 / All) Perfection: yea green hackjs hard
(12:50 / Allies) THEITHEITHEITHE: wood me
(12:50 / Allies) THEITHEITHEITHE: wood
(12:51 / Allies) THEITHEITHEITHE: wood
(12:52 / Allies) THEITHEITHEITHE: wood
(12:52 / Allies) THEITHEITHEITHE: wood
(12:57 / Allies) THEITHEITHEITHE: red wood me
(13:15 / Allies) Perfection: red lets hit
(13:23 / Allies) BOOBGUZZLER: gonna expo real quick , wood plz
(13:31 / Allies) BOOBGUZZLER: quit hitting yellow he is just going idle hero
(13:51 / Allies) Perfection: why not masss tanks
(14:43 / Allies) BOOBGUZZLER: lets hit purple main next
(14:58 / Allies) THEITHEITHEITHE: I would have a whole army if not for that faggot
(15:13 / Allies) BOOBGUZZLER: hit purple gogo
(15:18 / Allies) Perfection: teal?
(15:22 / Allies) Perfection: wtf
(15:25 / Allies) THEITHEITHEITHE: what
(15:30 / Allies) Perfection: why u cancel..
(15:41 / Allies) THEITHEITHEITHE: hall purp and tp
(15:42 / Allies) THEITHEITHEITHE: to my base
(15:51 / Allies) BOOBGUZZLER: k
(15:52 / Allies) BOOBGUZZLER: hall
(15:58 / Allies) BOOBGUZZLER: tp oj i got this
(16:25 / Allies) THEITHEITHEITHE: counter blue?
(16:57 / Allies) THEITHEITHEITHE: just let that asshole die
(17:02 / Allies) THEITHEITHEITHE: he's not even here dumbass
(17:06 / Allies) THEITHEITHEITHE: we could be countering
(17:49 / Allies) BOOBGUZZLER: goog
(18:09 / All) THEITHEITHEITHE: how the hell did you see me
(18:12 / All) THEITHEITHEITHE: oh
(18:13 / All) THEITHEITHEITHE: ward
(18:34 / All) THEITHEITHEITHE: your whole team has detection
(18:42 / All) THEITHEITHEITHE: and my faggot ally tked me for doing the same thing he did to me
(18:43 / All) BOOBGUZZLER: no kidding lawl
(18:46 / All) THEITHEITHEITHE: so I have nothing
(18:51 / All) THEITHEITHEITHE: can't bm harass or make units
(18:55 / Allies) Perfection: red come
(19:00 / Allies) BOOBGUZZLER: hit blue
(19:01 / Allies) BOOBGUZZLER: come
(19:34 / Allies) THEITHEITHEITHE: let's hit blue
(19:53 / Allies) BOOBGUZZLER: k gogo
(20:10 / Allies) Perfection: gold please
(20:13 / Allies) THEITHEITHEITHE: come retard noob
(20:14 / Allies) Perfection: u guys sitting around we lost
(20:15 / Allies) THEITHEITHEITHE: attack with us
(20:21 / Allies) THEITHEITHEITHE: you';re the one
(20:22 / Allies) THEITHEITHEITHE: jacking off
(20:24 / Allies) THEITHEITHEITHE: in your ufcking base
(20:27 / Allies) THEITHEITHEITHE: come attack with us asshole
(20:27 / Allies) Perfection: just fought
(20:29 / Allies) Perfection: 3 people
(20:34 / Allies) Perfection: force tps
(20:35 / Allies) THEITHEITHEITHE: stfu up with excuses
(20:37 / Allies) Perfection: while u sit
(20:41 / Allies) Perfection: i forved tp
(20:41 / Allies) THEITHEITHEITHE: and rebuild
(20:43 / Allies) THEITHEITHEITHE: cuz I was TKED
(20:44 / Allies) Perfection: u there isttin afraid
(20:45 / Allies) THEITHEITHEITHE: dumbass
(20:46 / Allies) Perfection: of towers
(21:23 / Allies) BOOBGUZZLER: tp ur expo
(22:06 / Allies) Perfection: gold please
(22:09 / Allies) THEITHEITHEITHE: stfu asshole
(22:14 / Allies) THEITHEITHEITHE: didn't even hit with us
(22:17 / Allies) THEITHEITHEITHE: when we needed you
(22:21 / Allies) THEITHEITHEITHE: why the hell would we gold you, prick
(22:26 / Allies) BOOBGUZZLER: coming oj
(22:54 / All) BOOBGUZZLER: dat shadow hunter tp green
(23:21 / Allies) Perfection: gold pls
(23:27 / All) BOOBGUZZLER: lawl
(23:28 / Allies) THEITHEITHEITHE: I'm not giving you shit
(23:29 / All) BOOBGUZZLER: fast cancel there
(23:30 / All) BOOBGUZZLER: buddy
(23:37 / All) AnsO: ward
(23:41 / All) BOOBGUZZLER: ah
(23:45 / All) THEITHEITHEITHE: you have no ward there
(23:55 / All) THEITHEITHEITHE: fucking retard liar prick
(23:57 / All) THEITHEITHEITHE: asshole cunt bitch
(23:59 / All) BOOBGUZZLER: sack of shit lawl
(24:19 / All) NoiseHawker: so many hackers
(24:20 / Allies) BOOBGUZZLER: tp nigga
(24:22 / All) NoiseHawker: Look at orange
(24:27 / All) NoiseHawker: Right there when I started building expo
(24:58 / Allies) Perfection: come to me red
(25:22 / Allies) Perfection: gold please
(25:26 / Allies) THEITHEITHEITHE: stfu
(25:33 / Allies) Perfection: why u act so hard
(25:39 / Allies) Perfection: when u know u a pussy bitch
(25:39 / Allies) Perfection: lol
(25:46 / Allies) THEITHEITHEITHE: keep whining bitch
(25:49 / Allies) THEITHEITHEITHE: all you can do
(25:51 / Allies) Perfection: i dont get it
(25:53 / Allies) Perfection: not whinnnin
(25:56 / Allies) Perfection: but u acting hard online
(26:03 / Allies) Perfection: lol fat little virgin
(26:11 / Allies) THEITHEITHEITHE: hahaha if it makes you feel better to imagine so
(26:22 / Allies) THEITHEITHEITHE: don't help him red
(26:24 / Allies) THEITHEITHEITHE: let's counter instead
(26:26 / Allies) THEITHEITHEITHE: and hit green
(27:19 / Allies) THEITHEITHEITHE: he has nothing there
(27:21 / Allies) THEITHEITHEITHE: why hit his towers
(27:30 / Allies) BOOBGUZZLER: so he doesnt make 50 of em
(29:51 / Allies) Perfection: red stay with us
(29:54 / Allies) THEITHEITHEITHE: hit green
(30:00 / Allies) Perfection: '
(30:02 / Allies) Perfection: red?
(30:04 / Allies) THEITHEITHEITHE: red
(30:05 / Allies) THEITHEITHEITHE: hit green
(30:41 / Allies) BOOBGUZZLER: goog
(31:57 / All) NoiseHawker: dumbass lol
(32:28 / All) NoiseHawker: dumbass orange LOL
(32:29 / All) NoiseHawker: LOL
(32:34 / All) NoiseHawker: I'll be laughing for hours after that one
(32:39 / All) NoiseHawker: What a stunt ya knobhead
(32:42 / All) Perfection: u killed a hero
(32:46 / All) NoiseHawker: LOL
(32:47 / All) Perfection: lol
(32:50 / All) NoiseHawker: You thought you were so slick
(32:52 / All) Perfection: how happy ccan u be
(32:53 / All) NoiseHawker: You had an army too
(32:55 / All) NoiseHawker: Scrub
(32:59 / All) NoiseHawker: and two heroes
(33:02 / All) Perfection: with no income
(33:07 / All) Perfection: i had 5 gargs
(33:12 / All) BOOBGUZZLER: whose fault is that, friend
(33:27 / All) NoiseHawker: LOL
(33:29 / All) NoiseHawker: frost guard
(33:40 / All) NoiseHawker: on range
(33:49 / All) Perfection: lol profile me after
(33:52 / All) Perfection: then laugh
(33:55 / All) NoiseHawker: 10-11
(33:57 / All) THEITHEITHEITHE: you're a 10-11 scrub
(34:02 / All) Perfection: profile me
(34:05 / All) Perfection: none of u have
(34:09 / All) Perfection: a better acc
(34:13 / All) NoiseHawker: YOU USE MAPHACK
(34:14 / All) NoiseHawker: lol
(34:17 / All) NoiseHawker: How can you brag about cheating
(34:18 / All) Perfection: no i dont
(34:24 / All) NoiseHawker: YOu 100% do
(34:30 / All) Perfection: im not bragging
(34:30 / All) BOOBGUZZLER: clan llw3 is a hacking clan
(34:39 / All) Perfection: just letting u 50% trashy noobs
(34:46 / All) NoiseHawker: How's the reset treating you
(34:47 / All) Perfection: knbow rt isnt anything
(34:48 / All) THEITHEITHEITHE: Just shut the fuck up and leave asshole
(34:53 / All) BOOBGUZZLER: dude my bro kodos_forsaken will pawn ur ass, oj
(34:56 / All) THEITHEITHEITHE: Orange kill yourself
(34:59 / All) Perfection: is treating me good
(35:08 / All) Perfection: red check wc
(35:09 / All) NoiseHawker: 10-11
(35:10 / All) NoiseHawker: LOL
(35:11 / All) Perfection: wcr
(35:15 / All) Perfection: i raped him last tourney
(35:17 / All) Perfection: few days ago
(35:19 / All) Perfection: thank u red
(35:21 / All) THEITHEITHEITHE: no one cares about your wcr account you suck
(35:26 / All) NoiseHawker: you hack so who cares
(35:35 / All) BOOBGUZZLER: u mean on the bugged ass solo maps that has a 4v4 map, friends in solo map pool?
(35:37 / All) NoiseHawker: That's like af at bitch bragging about big titties and ass
(35:49 / All) NoiseHawker: when's she fat af eating endless supply of cheetos
(36:04 / All) Perfection: that made sense
(36:08 / All) 0-5000: lmao yellow.. that was funny.
(36:10 / All) NoiseHawker: Yeah it's cheating
(36:12 / All) BOOBGUZZLER: wuts ur account on wcr
(36:19 / All) Perfection: just profile me kid
(36:22 / All) Perfection: u all rage
(36:23 / All) Perfection: LOL
(36:25 / All) THEITHEITHEITHE: uninstall orange
(36:28 / All) Perfection: itc cute
(36:30 / All) NoiseHawker: Acheived with mh
(36:38 / All) Perfection: no one mh
(36:41 / All) NoiseHawker: like rosie odonnells big ass was achieved with twinkies
(36:41 / All) Perfection: show me mh..
(36:46 / All) NoiseHawker: you mh
(36:49 / All) Perfection: only person hacking here is green
(36:54 / All) Perfection: so why u crying
(37:34 / All) Perfection: i brb phone call
(37:43 / All) BOOBGUZZLER: all i see is kodos beating u in a 3s game
(38:04 / All) BOOBGUZZLER: and anso hacks too he is in clan gods, a known hacker clan
(40:32 / All) THEITHEITHEITHE: Bad attempt at getting a bm lawl
(42:22 / All) BOOBGUZZLER: i will rewatch replay and see if there really was a ward
(42:49 / All) AnsO: YELLOW KILL ME
(43:09 / All) BOOBGUZZLER: standoff?
(43:14 / All) BOOBGUZZLER: explain to green
(43:22 / All) BOOBGUZZLER: anso vs perfection, battle of hacker wills
(43:36 / All) AnsO: AFK CYA
(43:43 / All) BOOBGUZZLER: standoff lawl
(43:51 / All) BOOBGUZZLER: we'll whisper u guys tomorrow if game is still going on
(45:11 / All) THEITHEITHEITHE: god I'm alt tabbing and shit and still owning assholes like orange
(45:51 / All) BOOBGUZZLER: oh blue is still here
(46:06 / All) BOOBGUZZLER: we matched him some odd 5 yrs ago he talks a lot of crap
(46:24 / All) Perfection: LOL u guys still going at it
(46:30 / All) THEITHEITHEITHE: standoff for you
(46:34 / All) BOOBGUZZLER: we ar emaking it a standoff nerd
(46:35 / All) Perfection: what
(46:37 / All) Perfection: i 1v1 anyone
(46:39 / All) Perfection: rape u all
(46:42 / All) THEITHEITHEITHE: 1v1 green
(46:44 / All) BOOBGUZZLER: whoever leaves wc3 on longest wins
(46:45 / All) THEITHEITHEITHE: hacker standoff
(46:46 / All) Perfection: lose 0 units vs u 50% scrubs
(46:58 / All) Perfection: i 1v1 any of u
(47:09 / All) BOOBGUZZLER: thats nice, u get to 1v2 blue and green tho
(47:11 / All) BOOBGUZZLER: in a waiting contest
(47:26 / All) Perfection: anyone who wants 1v1 let me know
(47:33 / All) Perfection: im perfection
(47:40 / All) THEITHEITHEITHE: You're some scrub in a standoff!!!!
(47:41 / All) Perfection: azeroths nightmare
(47:44 / All) THEITHEITHEITHE: HAVE FUN IN THE STANDOFF!
(47:48 / All) NoiseHawker: you're not even hack perfection
(47:49 / All) Perfection: some call me a hero others?
(47:50 / All) NoiseHawker: can't even expo with mh
(47:52 / All) Perfection: a god
(47:56 / All) THEITHEITHEITHE: LOL
(48:01 / All) THEITHEITHEITHE: YOU ARE BEING SERIOUS ARENT YOU ORANGE
(48:06 / All) Perfection: im what u call
(48:08 / All) Perfection: <
(48:08 / All) THEITHEITHEITHE: WAS THAT THE COOLEST LINE YOU COULD COME UP WITH
(48:16 / All) BOOBGUZZLER: my money is oj is friends/partners with that top tier hacker akubo
(48:25 / All) Perfection: akubo
(48:26 / All) Perfection: LMAO
(48:36 / All) Perfection: i remember that scrub
(49:00 / All) THEITHEITHEITHE: I'm sure you can remember a lot of scrubs because they're the players on your level
(49:01 / All) Perfection: anso gets this win gg
(49:10 / All) Perfection: no one is on my player fat boy
(49:13 / All) Perfection: im what u call
(49:14 / All) Perfection: <<
(49:16 / All) Perfection: #1
(49:20 / All) THEITHEITHEITHE: shut it, scrub
(49:28 / All) THEITHEITHEITHE: 10-11 trash
(49:33 / All) Perfection: profile me
(49:35 / All) Perfection: then talk
(49:43 / All) Perfection: i lose on pir-osose to find games
(49:48 / All) THEITHEITHEITHE: sure you do lol
(49:55 / All) Perfection: lol profile me kid
(49:57 / All) Perfection: #1
(49:59 / All) Perfection: <
(50:03 / All) Perfection: best player on east
(50:04 / All) NoiseHawker: Fiend massing hack
(50:09 / All) THEITHEITHEITHE: if you're #1 how did you get bent over this game so easily
(50:16 / All) BOOBGUZZLER: pwn
(50:16 / All) THEITHEITHEITHE: you're just some fiendbot noob who thinks he's special
(50:18 / All) Perfection: i didnt
(50:26 / All) Perfection: im too good for u kids
(50:32 / All) NoiseHawker: Obviously not
(50:35 / All) Perfection: people like u pay to watch me play
(50:36 / All) BOOBGUZZLER: darknesscalls is a better fiend bot than u
(50:37 / All) Perfection: #1
(50:39 / All) NoiseHawker: You are at our mercy
(50:40 / All) Perfection: <
(50:42 / All) Perfection: <
(51:05 / All) NoiseHawker: I'm a professional musician you're just some war3 scrub, that got owned
(51:16 / All) Perfection: im instagram famous
(51:21 / All) Perfection: u mad?
(51:24 / All) NoiseHawker: I am an aural aestetician
(51:31 / All) Perfection: youre an asian
(51:33 / All) Perfection: u said?
(51:46 / All) Perfection: hold on i need take a shit
(51:47 / All) Perfection: brb
(51:48 / All) NoiseHawker: What backwards land do you hail from
(51:57 / All) NoiseHawker: That you can't understand simple English words
(52:21 / All) NoiseHawker: Good luck gentlemen